 Dungeon Crawl Stone Soup version 0.23-a0-207-g93a313e (webtiles) character file.

163 MisterFreud the Firebug (level 5, -2/42 HPs)
             Began as a Naga Fire Elementalist on Sept 24, 2018.
             Slain by an orc
             ... wielding a +0 trident
              (10 damage)
             ... on level 3 of the Dungeon.
             The game lasted 00:06:46 (3111 turns).

MisterFreud the Firebug (Naga Fire Elementalist)    Turns: 3111, Time: 00:06:47

Health: -2/42      AC:  2    Str: 11    XL:     5   Next: 44%
Magic:  8/8        EV:  9    Int: 16    God:
Gold:   135        SH:  3    Dex: 11    Spells: 4/8 levels left

rFire    + . .     SeeInvis +   d - +0 whip (flame)
rCold    . . .     Gourm    .   r - +0 buckler
rNeg     . . .     Faith    +   a - +0 robe
rPois    +         Spirit   .   (no helmet)
rElec    .         Reflect  .   (no cloak)
rCorr    .         Harm     .   (no gloves)
MR       .....                  (no barding)
Stlth    ++........             i - amulet of faith
HPRegen  0.14/turn              e - ring of protection from fire
MPRegen  0.11/turn              (no ring)

@: short of breath, very slow
A: large, see invisible, deformed body, poison resistance, slowness 2, slow
metabolism 1, spit poison 1, AC +1
a: Spit Poison


You were on level 3 of the Dungeon.
You were not hungry.

You visited 1 branch of the dungeon, and saw 3 of its levels.

You collected 135 gold pieces.

Inventory:

Hand Weapons
 d - a +0 whip of flaming (weapon)
Missiles
 b - 92 stones (quivered)
Armour
 a - a +0 robe (worn)
 r - a +0 buckler (worn)
Jewellery
 e - a ring of protection from fire (left hand)
 i - an amulet of faith (around neck)
Scrolls
 h - 2 scrolls of identify {unknown}
 k - a scroll of magic mapping {unknown}
 n - a scroll of remove curse {unknown}
 q - a scroll of teleportation {unknown}
Potions
 f - a potion of curing {unknown}
 g - 2 potions of invisibility {unknown}
 j - a potion of flight {unknown}
 l - a potion of heal wounds {unknown}
 m - a potion of haste {unknown}
 o - a potion of mutation {unknown}
Comestibles
 c - 4 rations
 p - 7 chunks of flesh


   Skills:
 - Level 1.5 Dodging
 - Level 3.0 Stealth
 + Level 0.4 Shields
 - Level 2.0 Spellcasting
 + Level 4.1 Conjurations
 + Level 4.1 Fire Magic


You had 4 spell levels left.
You knew the following spells:

 Your Spells              Type           Power        Failure   Level  Hunger
a - Flame Tongue          Conj/Fire      ##...        6%          1    #......
b - Conjure Flame         Conj/Fire      ##......     17%         3    ###....

Your spell library contained the following spells:

 Spells                   Type           Power        Failure   Level  Hunger
 Magic Dart               Conj           ##..         6%          1    #......
 Throw Flame              Conj/Fire      ##....       9%          2    ###....
 Inner Flame              Hex/Fire       #.......     38%         3    ###....
 Blink                    Tloc           N/A          43%         2    ###....
 Call Imp                 Summ           #.......     43%         2    ###....
 Slow                     Hex            #.......     43%         2    ###....
 Mephitic Cloud           Conj/Pois/Air  #.......     47%         3    ###....
 Sticky Flame             Conj/Fire      ##......     50%         4    #####..
 Fireball                 Conj/Fire      ##........   85%         5    ######.


Dungeon Overview and Level Annotations

Branches:
Dungeon (3/15)

Altars:
Trog

Annotations:
D:3 Robin


Innate Abilities, Weirdness & Mutations

You cannot wear boots.
Your serpentine skin is tough. (AC +1)
You have supernaturally acute eyesight. (SInv)
Armour fits poorly on your strangely shaped body.
Your system is resistant to poisons. (rPois)
You cover ground very slowly.
You have a slow metabolism.
You can spit poison.


Message History

The orc priest is poisoned.
The orc priest is moderately wounded.
You feel slightly more hungry.
The goblin shouts!
You block the orc priest's attack.
You hit the orc priest but do no damage.
The orc priest is moderately wounded.
The orc wizard casts a spell.
The orc wizard flickers and vanishes for a moment.
The orc priest begins to cast a cantrip, but forgets the words!
You hit the orc priest. You burn the orc priest.
The orc priest is severely wounded.
The orc priest hits you.
* * * LOW HITPOINT WARNING * * *
You closely miss the orc priest.
The orc priest is almost dead.
You kill the orc priest!
You barely miss the orc. The orc barely misses you.
The orc hits you from afar with a trident!
You die...

...........[......# #........#.#
##..####...##.##.## ##........#.#
##..# ###.###.#.#.###.........#.#
##.)# #.....#..###.......).......
##..###.###.#...#.###.........#..
).......# #...................###
##......###...##.#####........###
###.)##.....#.##.# #[....##...#
..........###.##@# ########.#..
.....###### #.##o# #...# ####.#
#.##o# ##.## #.# #.##o# ##...#
..# #.##.# #..... ... ..##g#
#....# #...## ####.# ###### ....
#.. #...


You could see an orc wizard (invisible), 2 orcs and a goblin.

Vanquished Creatures
  An orc priest (D:3)
  7 adders
  A dart slug (D:3)
  A leopard gecko (D:3)
  6 orcs (D:3)
  3 giant cockroaches
  14 goblins
  6 hobgoblins
  2 quokkas (D:2)
  A ball python (D:2)
  3 bats
  6 frilled lizards
  7 kobolds
  5 rats
63 creatures vanquished.

Notes
Turn   | Place    | Note
-------+----------+-------------------------------------------
     0 | D:1      | MisterFreud the Naga Fire Elementalist began the quest for
                  | the Orb.
     0 | D:1      | Reached XP level 1. HP: 15/15 MP: 3/3
   786 | D:1      | Reached XP level 2. HP: 9/22 MP: 3/5
  1305 | D:2      | Found a faded altar of an unknown god.
  1379 | D:2      | Reached XP level 3. HP: 24/28 MP: 4/6
  1543 | D:2      | Found a bloodstained altar of Trog.
  1557 | D:2      | Learned a level 3 spell: Conjure Flame
  1896 | D:2      | Reached XP level 4. HP: 19/36 MP: 0/7
  2372 | D:3      | Noticed Robin
  2932 | D:3      | Reached XP level 5. HP: 33/42 MP: 8/8
  3111 | D:3      | Slain by an orc

Vault maps used:
D:1:      saegor_arrival_simple_c, minmay_large_rounded_square
D:2:      marbit_many_paths, chequers_ecumenical_altar_simple_redux
D:3:      nicolae_ru_path_of_blood, first_ration, uniq_robin

Skill      XL: |  1  2  3  4  5 |
---------------+----------------+-----
Conjurations   | 2 3 4 |  4.1
Fire Magic     | 4 |  4.1
Dodging        | |  1.5
Stealth        | |  3.0
Shields        | |  0.4
Spellcasting   | |  2.0

Action                   |  1- 3 |  4- 6 || total
-------------------------+-------+-------++-------
Melee: Whip              |    49 |   120 ||   169
Throw: Stone             |       |     5 ||     5
 Cast: Flame Tongue      |    22 |    10 ||    32
 Abil: Spit Poison       |     9 |     6 ||    15
 Stab: Sleeping          |     2 |       ||     2
  Eat: Chunk             |     2 |     4 ||     6
Armor: Robe              |    15 |    32 ||    47
Dodge: Dodged            |    45 |    73 ||   118
Block: Buckler           |       |     1 ||     1

Table legend:
 A = Non-vault XP
 B = Vault XP
 C = Vault XP percentage of total XP
 D = Non-vault monster count
 E = Vault monster count
 F = Vault count percentage of total count
                 A         B        C        D         E       F
            +---------+---------+-------+---------+---------+-------
      Total |     200 |      33 |  14.2 |      51 |      12 |  19.0
            +---------+---------+-------+---------+---------+-------
        D:1 |      18 |       0 |   0.0 |      13 |       0 |   0.0
        D:2 |      62 |      15 |  19.5 |      19 |       2 |   9.5
        D:3 |     120 |      18 |  13.0 |      19 |      10 |  34.5
            +---------+---------+-------+---------+---------+-------
